 Dungeon Crawl Stone Soup version 0.18.1-6-gd335043 (webtiles) character file.

588 Moloch the Chopper (level 7, 0/46 HPs)
             Began as a Demonspawn Fighter on May 17, 2016.
             Was a Follower of Okawaru.
             Slain by Grinder (4 damage)
             ... while paralysed by Grinder
             ... on level 5 of the Dungeon.
             The game lasted 00:06:02 (2521 turns).

Moloch the Chopper (Demonspawn Fighter)             Turns: 2521, Time: 00:06:04

Health: 0/46       AC: 13    Str: 19    XL:     7   Next: 15%
Magic:  0/7        EV: -3    Int:  9    God:    Okawaru [*.....]
Gold:   54         SH:  0    Dex: 12    Spells: 0 memorised, 6 levels left

rFire  + . .     SeeInvis .     a - +0 war axe
rCold  . . .     Gourm    .     m - +0 plate armour
rNeg   . . .     Faith    .     c - +0 shield
rPois  +         Spirit   +     A - -3 helmet of Broken Taboos {+Inv rPois rF+}
rElec  +         Dismiss  .     w - +0 cloak
rCorr  .         Reflect  .     v - +0 pair of gloves
SustAt .         Harm     .     (no boots)
MR     .....                    (no amulet)
Stlth  ..........               (no ring)
                                (no ring)

@: paralysed, not resistant to hostile enchantments, extremely unstealthy
A: thin metallic scales 1, frail 1, powered by death 1, screaming 1, electricity
resistance, magic shield, magic regeneration
a: Heroism, Renounce Religion, Evoke Invisibility


You were on level 5 of the Dungeon.
You worshipped Okawaru.
Okawaru was aware of your devotion.
You were not hungry.

You visited 2 branches of the dungeon, and saw 6 of its levels.

You collected 234 gold pieces.
You spent 180 gold pieces at shops.

Inventory:

Hand Weapons
 a - a +0 war axe (weapon)
 q - a +1 flail of draining
Missiles
 t - 2 javelins (quivered)
 y - 7 javelins of returning
Armour
 c - a +0 shield (worn)
 m - a +0 plate armour (worn)
 v - a +0 pair of gloves (worn)
 w - a +0 cloak (worn)
 A - the -3 helmet of Broken Taboos (worn) {+Inv rPois rF+}
   (You found it on level 4 of the Dungeon)

   It protects you from fire.
   It protects you from poison.
   It lets you turn invisible.
Wands
 B - a wand of lightning (9/15)
Scrolls
 h - 6 scrolls of identify {unknown}
 l - 4 scrolls of remove curse {unknown}
 p - a scroll of magic mapping {unknown}
 r - 2 scrolls of teleportation {unknown}
 s - a scroll of enchant armour {unknown}
 x - 2 scrolls of noise {unknown}
 z - a scroll of recharging {unknown}
 D - a scroll of amnesia {unknown}
Potions
 d - a potion of might
 e - a potion of cure mutation {unknown}
 i - a potion of brilliance {unknown}
 j - a potion of berserk rage {unknown}
 k - a potion of magic {unknown}
 n - a potion of mutation
 C - a potion of curing {unknown}
Comestibles
 b - 2 beef jerkies
 f - 5 bread rations
 g - 2 chunks of flesh
 o - 3 meat rations
 u - a slice of pizza


   Skills:
 - Level 3.0 Fighting
 + Level 7.2 Axes
 - Level 2.6 Armour
 - Level 2.6 Shields


You had 6 spell levels left.
You didn't know any spells.

Dungeon Overview and Level Annotations

Branches:
Dungeon (5/15)             Temple (1/1) D:4

Altars:
Cheibriados
Dithmenos
Fedhas
Kikubaaqudgha
Makhleb
Nemelex Xobeh
Okawaru
Qazlal
Trog
Vehumet
Xom
Yredelemnul
Zin
The Shining One

Shops:
D:5 }

Annotations:
D:5 Grinder


Innate Abilities, Weirdness & Mutations

You are partially covered in thin metallic scales (AC +2).
You regenerate a little health from kills.
When hurt, damage is shared between your health and your magic reserves.
You regenerate magic rapidly.
You are frail (-10% HP).
You occasionally shout uncontrollably at your foes.
You are resistant to electric shocks.


Message History

Grinder hits you.
* * * LOW HITPOINT WARNING * * *
The ice beast hits you but does no damage.
Grinder hits you.
* * * LOW HITPOINT WARNING * * *
You writhe in agony.
* * * LOW HITPOINT WARNING * * *
The ice beast hits you but does no damage.
You can move again.
Unknown command.
Unknown command.
Unknown command.
Grinder says, "I used to sell toenails on the black market."
There is a stone staircase leading up here.
Grinder gestures at you.
You suddenly lose the ability to move!
Grinder hits you but does no damage.
The ice beast hits you but does no damage.
Grinder hits you.
You die...

#.#............#
##.###....(.....#
#..###....).....#
#...(..#)).......
.#######...............#
.............(....$....#
..............##########
#......Y5####.#
.......@.# #.#
#....>...# ###
#........# #........#
#........# ##########


You could see Grinder and an ice beast.

Vanquished Creatures
  2 phantoms
  A centaur (D:4)
  A scorpion (D:3)
  An orc wizard (D:3)
  An iguana (D:4)
  2 worker ants (D:4)
  A hound zombie (D:5)
  7 gnolls
  An adder (D:5)
  An adder zombie (D:5)
  2 dart slugs
  4 giant geckos
  11 orcs
  11 bats
  3 giant cockroaches
  5 goblins
  9 hobgoblins
  3 jackals (D:4)
  2 kobolds (D:1)
  3 quokkas
  A ball python (D:3)
  A giant gecko skeleton (D:4)
  4 giant newts
  A quokka zombie (D:5)
  6 rats
84 creatures vanquished.

Notes
Turn   | Place    | Note
--------------------------------------------------------------
     0 | D:1      | Moloch the Demonspawn Fighter began the quest for the Orb.
     0 | D:1      | Reached XP level 1. HP: 18/18 MP: 1/1
    49 | D:1      | Reached skill level 2 in Axes
   149 | D:1      | Gained mutation: When hurt, damage is shared between your health and your magic reserves. [demonic ancestry]
   149 | D:1      | Reached XP level 2. HP: 23/24 MP: 2/2
   332 | D:1      | Reached skill level 3 in Axes
   410 | D:1      | Gained mutation: You regenerate a little health from kills. [demonic ancestry]
   410 | D:1      | Reached XP level 3. HP: 28/29 MP: 3/3
   664 | D:2      | Reached XP level 4. HP: 35/35 MP: 4/4
   734 | D:2      | Reached skill level 4 in Axes
  1185 | D:3      | Found a radiant altar of Vehumet.
  1525 | D:3      | Reached skill level 5 in Axes
  1525 | D:3      | Reached XP level 5. HP: 39/41 MP: 3/5
  1959 | D:4      | Noticed a centaur
  1971 | D:4      | Killed a centaur
  1971 | D:4      | Gained mutation: You are partially covered in thin metallic scales (AC +2). [demonic ancestry]
  1971 | D:4      | Reached XP level 6. HP: 47/47 MP: 6/6
  1978 | D:4      | Found a staircase to the Ecumenical Temple.
  2006 | Temple   | Entered the Ecumenical Temple
  2054 | Temple   | Became a worshipper of Warmaster Okawaru
  2112 | D:4      | Reached skill level 6 in Axes
  2346 | D:4      | Got a warped helmet
  2352 | D:4      | Identified the -3 helmet of Broken Taboos {+Inv rPois rF+} (You found it on level 4 of the Dungeon)
  2369 | D:5      | Entered Level 5 of the Dungeon
  2369 | D:5      | Found Ojaoch's Gadget Boutique.
  2376 | D:5      | Reached skill level 7 in Axes
  2376 | D:5      | Gained mutation: You regenerate magic rapidly. [demonic ancestry]
  2376 | D:5      | Reached XP level 7. HP: 52/52 MP: 7/7
  2388 | D:5      | Bought a wand of lightning (11/15) for 180 gold pieces
  2442 | D:5      | Reached * piety under Okawaru
  2483 | D:5      | Noticed Grinder
  2492 | D:5      | Paralysed by Grinder for 6 turns
  2507 | D:5      | Gained mutation: You are frail (-10% HP). [potion of mutation]
  2507 | D:5      | Gained mutation: You occasionally shout uncontrollably at your foes. [potion of mutation]
  2507 | D:5      | Gained mutation: You are resistant to electric shocks. [potion of mutation]
  2512 | D:5      | Paralysed by Grinder for 4 turns
  2519 | D:5      | Paralysed by Grinder for 4 turns
  2521 | D:5      | Slain by Grinder

Skill      XL: |  1  2  3  4  5  6 |
---------------+-------------------+-----
Axes           | 2 3 5 7 |  7.2
Fighting       | |  3.0
Armour         | |  2.6
Shields        | |  2.6

Action                   |  1- 3 |  4- 6 |  7- 9 || total
-------------------------+-------+-------+-------++-------
Melee: War axe           |   100 |   212 |    40 ||   352
Evoke: Wand              |       |       |     2 ||     2
  Use: Potion            |       |       |     1 ||     1
  Eat: Chunk             |       |     5 |     1 ||     6
Armor: Scale mail        |     3 |       |       ||     3
       Chain mail        |    22 |       |       ||    22
       Plate armour      |    75 |   140 |    39 ||   254
Dodge: Dodged            |    22 |    21 |     5 ||    48
Block: Shield            |    56 |    95 |    25 ||   176
